 Dungeon Crawl Stone Soup version 0.31-a0-818-ge7c7cf74f0 (webtiles) character file.

Game seed: 3953335827495185817

107 Kurtz the Chopper (level 4, -2/31 HPs)
             Began as an Octopode Fighter on Sept 23, 2023.
             Slain by Sigmund
             ... wielding a +0 scythe
              (4 damage)
             ... on level 3 of the Dungeon.
             The game lasted 00:01:42 (1149 turns).

Kurtz the Chopper (Octopode Fighter)                Turns: 1149, Time: 00:01:42

Health: -2/31      AC:  1    Str: 17    XL:     4   Next: 86%
Magic:  4/4        EV: 12    Int: 10    God:
Gold:   107        SH:  8    Dex: 11    Spells: 3/3 levels left

rFire   . . .        a - +0 war axe
rCold   . . .        j - +0 kite shield
rNeg    . . .        (helmet restricted)
rPois   .            (no amulet)
rElec   .            (no ring)
rCorr   .            (no ring)
SInv    .            (no ring)
Will    .....        (no ring)
Stlth   ++           (no ring)
HPRegen 0.25/turn    (no ring)
MPRegen 0.09/turn    (no ring)
                     (no ring)

%: no passive effects
@: mighty
A: almost no armour, amphibious, 8 rings, camouflage 1, gelatinous body 1,
(nimble swimmer 1), tentacles
a: no special abilities


You were on level 3 of the Dungeon.
You visited 1 branch of the dungeon, and saw 3 of its levels.

You collected 107 gold pieces.

Inventory:

Hand Weapons
 a - a +0 war axe (weapon)
Missiles
 l - 6 poisoned darts (quivered)
Armour
 b - a +0 buckler
 j - a +0 kite shield (worn)
Jewellery
 k - a ring of ice
 o - a ring of ice
Scrolls
 d - a scroll of identify
 e - a scroll of revelation
 g - a scroll of amnesia {unknown}
 n - a scroll of fog {unknown}
Potions
 c - a potion of might
 f - 2 potions of curing {unknown}
 h - a potion of heal wounds {unknown}
 i - a potion of haste {unknown}
 m - a potion of enlightenment {unknown}


   Skills:
 + Level 3.1 Fighting
 * Level 4.2 Axes
 * Level 3.3 Dodging
 * Level 3.3 Shields


You had 3 spell levels left.
You didn't know any spells.
Your spell library contained the following spells:

 Spells                   Type           Power      Damage    Failure   Level
 Cigotuvi's Dreadful Rot  Necr/Pois/Air  0%         N/A       85%         2
 Static Discharge         Conj/Air       0%         2-2/arc   85%         2
 Sublimation of Blood     Necr           0%         N/A       85%         2
 Ozocubu's Armour         Ice            0%         N/A       97%         3
 Conjure Ball Lightning   Conj/Air       0%         3x3d6     100%        6
 Ozocubu's Refrigeration  Ice            0%         4d7       100%        7


Dungeon Overview and Level Annotations

Branches:
Dungeon (3/15)

Altars:
Uskayaw

Annotations:
D:3 Sigmund


Innate Abilities, Weirdness & Mutations

You cannot wear most types of armour.
You are amphibious.
You can wear up to eight rings at the same time.
Your skin changes colour to match your surroundings (Stealth+).
Your rubbery body absorbs attacks. (AC +1, EV +1)
((You are camouflaged when in or above water. (Stealth+)))
You have tentacles for arms and can constrict up to eight enemies at once.


Message History

You closely miss the bat. Your grab misses the bat. You block the bat's attack.
The bat hits you.
You closely miss the bat. You grab the bat. You constrict the bat.
You kill the bat!
No target in view!
No target in view!
An orc and a jelly come into view.
Sigmund the Dreaded comes into view.
He is wielding a +0 scythe.
Found a chain mail.
Sigmund shouts!
The jelly quivers.
Sigmund casts a spell.
Sigmund flickers and vanishes!
Deactivating autopickup; reactivate with Ctrl-A.
You feel very mighty all of a sudden.
A kobold comes into view. It is wielding a +0 short sword.
Found 3 gold pieces.
The kobold throws a stone.
The stone closely misses you. The jelly misses you.
A magic dart appears from out of thin air!
The magic dart hits you!
Unknown command.
You completely miss the jelly. The jelly barely misses you.
The jelly closely misses you.
Unknown command.
You slash the jelly!
Your tentacles burn!
The jelly is almost dead.
The kobold throws a stone.
The stone hits you but does no damage. The jelly misses you.
Unknown command.
You hit the jelly.
You kill the jelly!
Something barely misses you.
The kobold throws a stone.
You block the stone.
Unknown command.
Something hits you!
* * * LOW HITPOINT WARNING * * *
Something hits you!
* * * LOW HITPOINT WARNING * * *
You hit something. Your squeeze misses something.
The kobold throws a stone.
The stone barely misses you. Something hits you.
You die...

*,,* *,***,,,,,,,,,,,
*#####.** *,,,,,,,,,,,,,,,
*#......* **,,,,,,,,,,,,,,
**.$.....## **,*,,,,,,,,,,,
*,....[...# *.#,,,,,,,,,,,
*,........# *#.#,*,,,,,*,,,
*,........####..#,*****,,,,,
*,.............##.#*****,*,,
*,.........@{......,,,,..,,<
*,......K.#..##.#.#####..,,,
*,...........##...#........,
*,............##............
*,......<.....##......#.....
*,.......>..................
**.................>.....#..
*#.....#..#................
**#######.......†.........##


You could see a kobold.

Vanquished Creatures
  A jelly (D:3)
  An orc priest (D:2)
  2 dart slugs
  4 orcs (D:2)
  4 ball pythons
  3 endoplasms
  2 giant cockroaches (D:1)
  3 hobgoblins
  4 jackals (D:1)
  4 quokkas
  5 bats
  4 frilled lizards
  A kobold (D:1)
  A rat (D:2)
39 creatures vanquished.

Notes
Turn   | Place    | Note
-------+----------+-------------------------------------------
     0 | D:1      | Kurtz the Octopode Fighter began the quest for the Orb.
     0 | D:1      | Reached XP level 1. HP: 16/16 MP: 1/1
    25 | D:1      | Reached XP level 2. HP: 20/21 MP: 2/2
    62 | D:1      | Got a parchment book
   128 | D:1      | Reached skill level 3 in Axes
   341 | D:1      | Reached XP level 3. HP: 26/26 MP: 3/3
   728 | D:2      | Reached XP level 4. HP: 4/31 MP: 4/4
   963 | D:2      | Reached skill level 4 in Axes
  1022 | D:2      | Found a hide-covered altar of Uskayaw.
  1140 | D:3      | Noticed Sigmund
  1149 | D:3      | Slain by Sigmund

Illustrated notes

Levels and vault maps discovered:
D:1:      dpeg_arrival_windows_large_door, layout_rooms,
          chequers_serial_rivers_room_b
D:2:      cheibrodos_pilgrimage, layout_basic, basic_altar
D:3:      layout_rooms, portal_sewer_entry_e, minmay_quantized, uniq_sigmund

Skill      XL: |  1  2  3  4 |
---------------+-------------+-----
Axes           | 3 4 |  4.2
Fighting       | |  3.1
Dodging        | |  3.3
Shields        | |  3.3

Action                     |  1- 3 |  4- 6 || total
---------------------------+-------+-------++-------
  Melee: War axe           |    42 |    23 ||    65
         Constrict         |    13 |     6 ||    19
         Tentacles         |    10 |     3 ||    13
         Punch             |     1 |       ||     1
  Throw: Dart              |       |     6 ||     6
    Use: Scroll            |       |     2 ||     2
         Potion            |       |     1 ||     1
   Stab: Sleeping          |     4 |     1 ||     5
 Armour: Skin              |    10 |    13 ||    23
  Dodge: Dodged            |    22 |    14 ||    36
  Block: Buckler           |    11 |       ||    11
         Kite shield       |     3 |    11 ||    14

Table legend: (Time is in decaauts)
 A = Elapsed time spent in this place.
 B = Non-inter-level travel time spent in this place.
 C = Inter-level travel time spent in this place.
 D = Time resting spent in this place.
 E = Time spent auto-exploring this place.
 F = Levels seen in this place.
 G = Mean time per level.
                   A        B        C        D        E       F      G
               +--------+--------+--------+--------+--------+-----+--------+
         Total |   1177 |   1066 |    111 |     76 |    683 |   3 |  392.3 |
       Dungeon |   1177 |   1066 |    111 |     76 |    683 |   3 |  392.3 |
               +--------+--------+--------+--------+--------+-----+--------+

Top non-repeatable levels by time:
     D:2: 606 daAuts
     D:1: 529 daAuts
     D:3: 42 daAuts
